 Seeded DCSS version 0.31-a0-986-g5e6e4ef867 (webtiles) character file.

Game seed: 5200550829900917827 (custom seed)

242 timneilson the Ruffian (level 6, -14/41 HPs)
             Began as an Octopode Shapeshifter on Nov 15, 2023.
             Killed from afar by an acid dragon (19 damage)
             ... with a splash of acid
             ... on level 7 of the Dungeon.
             The game lasted 00:04:07 (2391 turns).

timneilson the Ruffian (Octopode Shapeshifter)      Turns: 2391, Time: 00:04:08

Health: -14/41     AC:  1    Str: 16    XL:     6   Next: 9%
Magic:  8/8        EV: 13    Int: 12    God:
Gold:   158        SH:  0    Dex: 11    Spells: 7/7 levels left

rFire   . .          .
                       - Unarmed
rCold   . . .        (no shield)
rNeg    . . .        (helmet currently unavailable)
rPois   .            f - amulet of regeneration
rElec   .            (no ring)
rCorr   .            (no ring)
SInv    .            (no ring)
Will    .....        (no ring)
Stlth   +++          (no ring)
HPRegen 1.06/turn    (no ring)
MPRegen 0.11/turn    (no ring)
                     (no ring)

%: no passive effects
@: beast-form, hasted, very quick
A: beast (slay +2), almost no armour, amphibious, 8 rings, camouflage 1,
gelatinous body 1, (nimble swimmer 1), tentacles
a: Begin Untransformation


You were on level 7 of the Dungeon.
You were a hulking beast.
You visited 1 branch of the dungeon, and saw 5 of its levels.

You collected 158 gold pieces.

Inventory:

Missiles
 h - a throwing net
Jewellery
 f - an amulet of regeneration (around mantle)
Talismans
 b - a beast talisman
 c - a flux talisman
Wands
 i - a wand of flame (16)
Scrolls
 g - a scroll of teleportation {unknown}
Potions
 a - a potion of lignification
 j - 2 potions of curing
 n - a potion of might {unknown}


   Skills:
 * Level 2.4 Fighting
 * Level 3.2 Dodging
 + Level 2.1 Stealth
 * Level 3.9 Unarmed Combat
 + Level 1.4 Spellcasting
 + Level 1.2 Evocations
 * Level 3.7 Shapeshifting


You had 7 spell levels left.
You didn't know any spells.
Your spell library contained the following spells:

 Spells                   Type           Power      Damage    Failure   Level
 Apportation              Tloc           0%         N/A       28%         1
 Sting                    Tmut/Pois      0%         1d3       28%         1
 Jinxbite                 Hex            0%         N/A       41%         2
 Poisonous Vapours        Pois/Air       0%         N/A       41%         2
 Olgreb's Toxic Radiance  Pois           0%         N/A       96%         4
 Alistair's Intoxication  Tmut/Pois      0%         N/A       100%        5


Dungeon Overview and Level Annotations

Branches:
Dungeon (4/15)
 Temple: D:4-7

Altars:

Shops:
D:3 =


Innate Abilities, Weirdness & Mutations

You are a hulking beast.
Your limbs bulge with bestial killing power. (Slay +2)
You cannot wear most types of armour.
You are amphibious.
You can wear up to eight rings at the same time.
Your skin changes colour to match your surroundings (Stealth+).
Your rubbery body absorbs attacks. (AC +1, EV +1)
((You are camouflaged when in or above water. (Stealth+)))
You have tentacles for arms and can constrict up to eight enemies at once.


Message History

You start resting.
Magic restored.
As you open the door, it creaks loudly! The acid dragon spits acid at you.
The splash of acid hits you!
Found 4 curare-tipped darts.
There is an open door here.
You feel yourself speed up. The acid dragon bites you!
The acid dragon claws you.
You closely miss the acid dragon. Your squeeze misses the acid dragon.
You tentacle-slap the acid dragon. Your squeeze misses the acid dragon.
The acid dragon is lightly wounded.
The acid dragon bites you. The acid dragon barely misses you.
You barely miss the acid dragon. You squeeze the acid dragon.
The acid dragon is lightly wounded.
You bludgeon the acid dragon! You squeeze the acid dragon.
The acid dragon is severely wounded.
The acid dragon bites you. The acid dragon claws you.
You tentacle-slap the acid dragon but do no damage.
The acid dragon is severely wounded.
The acid dragon closely misses you. x2
You barely miss the acid dragon.
The acid dragon is heavily wounded.
You barely miss the acid dragon.
The acid dragon is heavily wounded.
The acid dragon bites you!
* * * LOW HITPOINT WARNING * * *
The acid dragon misses you.
You barely miss the acid dragon.
The acid dragon is heavily wounded.
The acid dragon closely misses you. The acid dragon claws you.
* * * LOW HITPOINT WARNING * * *
You tentacle-slap the acid dragon but do no damage.
You squeeze the acid dragon.
The acid dragon is severely wounded.
You tentacle-slap the acid dragon.
The acid dragon is almost dead.
The acid dragon spits acid at you. The splash of acid hits you!!
You die...

###########.#...
#...............
#..†............
#..............#
#..............#
#............D.#
#######.####..##
##D########
#..h......#
+.........#
#....##.(##
###### ##


You could see an acid dragon (catching breath).

Vanquished Creatures
  A water moccasin (D:7)
  A jelly (D:3)
  An orc wizard (D:3)
  4 adders
  A worm (D:3)
  A dart slug (D:3)
  2 orcs (D:3)
  4 endoplasms
  3 giant cockroaches
  4 goblins
  4 hobgoblins
  5 kobolds
  3 ball pythons
  3 bats
  A frilled lizard (D:1)
  9 rats
47 creatures vanquished.

Notes
Turn   | Place    | Note
-------+----------+-------------------------------------------
     0 | D:1      | timneilson the Octopode Shapeshifter began the quest for
                  | the Orb.
     0 | D:1      | Reached XP level 1. HP: 13/13 MP: 1/1
   137 | D:1      | Reached XP level 2. HP: 18/18 MP: 2/2
   734 | D:2      | Found a faded altar of an unknown god.
   767 | D:2      | Reached XP level 3. HP: 23/23 MP: 4/4
  1303 | D:3      | Reached skill level 1 in Stealth
  1303 | D:3      | Reached skill level 1 in Spellcasting
  1303 | D:3      | Reached XP level 4. HP: 18/28 MP: 5/5
  1593 | D:3      | Reached XP level 5. HP: 20/34 MP: 6/6
  1969 | D:3      | Found Sippeol's Jewellery Shoppe.
  2195 | D:4      | Noticed an ogre
  2331 | D:4      | You fall into a shaft and drop 3 floors!
  2333 | D:7      | Noticed a water moccasin
  2333 | D:7      | Noticed an acid dragon
  2347 | D:7      | Killed a water moccasin
  2348 | D:7      | Reached skill level 1 in Evocations
  2348 | D:7      | Reached XP level 6. HP: 19/41 MP: 6/8
  2391 | D:7      | Killed from afar by an acid dragon

Illustrated notes

Levels and vault maps discovered:
D:1:      giann_horns, layout_basic
D:2:      layout_loops_ring, hellmonk_ecumenical_altar_pennies_from_heaven
D:3:      layout_loops_corners, serial_shops, shop
D:4:      layout_loops_ring, minmay_temple_entry_mist
D:7:      layout_gridville, nrook_mini_backslash

Skill      XL: |  1  2  3  4  5 |
---------------+----------------+-----
Stealth        | 1 2 |  2.1
Spellcasting   | 1 |  1.4
Fighting       | 2 |  2.4
Dodging        | 3 |  3.2
Evocations     | 1 |  1.2
Unarmed Combat | |  3.9
Shapeshifting  | |  3.7

Action                     |  1- 3 |  4- 6 || total
---------------------------+-------+-------++-------
  Melee: Unarmed           |    53 |    54 ||   107
         Constrict         |    12 |     9 ||    21
         Tentacles         |     4 |    11 ||    15
         Punch             |     1 |       ||     1
    Use: Scroll            |     2 |     4 ||     6
         Potion            |       |     2 ||     2
   Stab: Sleeping          |     7 |     4 ||    11
 Armour: Skin              |    22 |    32 ||    54
  Dodge: Dodged            |    22 |    20 ||    42

Table legend: (Time is in decaauts)
 A = Elapsed time spent in this place.
 B = Non-inter-level travel time spent in this place.
 C = Inter-level travel time spent in this place.
 D = Time resting spent in this place.
 E = Time spent auto-exploring this place.
 F = Levels seen in this place.
 G = Mean time per level.
                   A        B        C        D        E       F      G
               +--------+--------+--------+--------+--------+-----+--------+
         Total |   2379 |   2279 |    100 |     16 |   1802 |   5 |  475.8 |
       Dungeon |   2379 |   2279 |    100 |     16 |   1802 |   5 |  475.8 |
               +--------+--------+--------+--------+--------+-----+--------+

Top non-repeatable levels by time:
     D:3: 994 daAuts
     D:2: 655 daAuts
     D:1: 576 daAuts
     D:4: 99 daAuts
     D:7: 54 daAuts
